 Dungeon Crawl Stone Soup version 0.19.0 (webtiles) character file.

1281 omnomnOMINOUS the Sneak (level 8, -1/52 HPs)
             Began as an Octopode Enchanter on Nov 1, 2016.
             Was a Believer of Dithmenos.
             Slain by an ooze (3 damage)
             ... on level 2 of the Dungeon.
             The game lasted 00:21:24 (5557 turns).

omnomnOMINOUS the Sneak (Octopode Enchanter)        Turns: 5557, Time: 00:21:25

Health: -1/52      AC:  1    Str:  8    XL:     8   Next: 54%
Magic:  2/13       EV: 14    Int: 19    God:    Dithmenos [**....]
Gold:   258        SH:  2    Dex: 12    Spells: 5 memorised, 2 levels left

rFire  . . .     SeeInvis .     a - +1 dagger
rCold  + . .     Gourm    .     (no shield)
rNeg   . . .     Faith    .     (helmet restricted)
rPois  .         Spirit   .     z - +2 amulet of reflection
rElec  .         Reflect  +     i - ring of protection from cold
rCorr  .         Harm     .     m - ring of flight
MR     .....                    (no ring)
Stlth  +++++.....               (no ring)
                                (no ring)
                                (no ring)
                                (no ring)
                                (no ring)

@: about to teleport, wreathed by umbra
A: almost no armour, stealthy swim, amphibious, 8 rings, constrict 8, camouflage
1, gelatinous body 1
a: Shadow Step, Renounce Religion, Evoke Flight


You were on level 2 of the Dungeon.
You worshipped Dithmenos.
Dithmenos was pleased with you.
You were not hungry.

You visited 2 branches of the dungeon, and saw 5 of its levels.

You collected 258 gold pieces.

Inventory:

Hand Weapons
 a - a +1 dagger (weapon)
 e - a cursed -1 dagger
 y - a +0 blowgun
Missiles
 g - 29 poisoned needles
 t - 4 tomahawks
 u - 43 stones (quivered)
 v - 2 needles of confusion
 A - 2 throwing nets
Magical Staves
 b - an uncursed staff of death
Jewellery
 i - a ring of protection from cold (left tentacle)
 m - a ring of flight (right tentacle)
 z - a +2 amulet of reflection (around mantle)
Scrolls
 h - a scroll of fog
 j - 4 scrolls of teleportation
 k - a scroll of blinking {unknown}
 l - a scroll of recharging {unknown}
 p - a scroll of enchant armour {unknown}
 q - 4 scrolls of remove curse
 r - a scroll of amnesia {unknown}
 s - a scroll of identify
Potions
 w - 2 potions of flight
 x - a potion of haste
Books
 n - a book of Maledictions

   Spells                             Type                      Level
   a - Corona                         Hexes                        1
   b - Ensorcelled Hibernation        Hexes/Ice                    2
   c - Confuse                        Hexes                        3
   d - Tukima's Dance                 Hexes                        3
   e - Dazzling Spray                 Conjuration/Hexes            3
Comestibles
 c - 2 bread rations
 d - 4 meat rations
 f - 5 chunks of flesh


   Skills:
 - Level 3.0 Fighting
 * Level 5.3 Short Blades
 + Level 3.7 Dodging
 + Level 6.3 Stealth
 + Level 3.8 Spellcasting
 * Level 5.8 Hexes


You had 2 spell levels left.
You knew the following spells:

 Your Spells              Type           Power        Failure   Level  Hunger
a - Corona                Hex            ####...      1%          1    None
b - Ensorcelled Hibernat  Hex/Ice        ##....       10%         2    ##.....
c - Confuse               Hex            ####....     4%          3    ###....
d - Dazzling Spray        Conj/Hex       ##....       14%         3    ###....
e - Tukima's Dance        Hex            ####....     4%          3    ###....


Dungeon Overview and Level Annotations

Branches:
Dungeon (4/15)             Temple (1/1) D:4

Altars:
Ashenzari
Cheibriados
Dithmenos
Elyvilon
Fedhas
Gozag
Hepliaklqana
Kikubaaqudgha
Makhleb
Nemelex Xobeh
Okawaru
Qazlal
Ru
Sif Muna
Trog
Uskayaw
Vehumet
Xom
Yredelemnul
Zin
The Shining One

Shops:
D:4 %=[:

Annotations:
D:4 Hildebrand's ghost, amateur MiBe


Innate Abilities, Weirdness & Mutations

You cannot wear most types of armour.
You are very stealthy in the water. (Stealth+)
You are amphibious.
You can wear up to eight rings at the same time.
You can use your tentacles to constrict eight enemies at once.
Your skin changes colour to match your surroundings (Stealth+).
Your rubbery body absorbs attacks. (AC +1, EV +1)


Message History

* * * LOW HITPOINT WARNING * * *
You release your grip on the gnoll.
You see here a club.
An ooze comes into view.
The ooze quivers.
You feel better. The gnoll hits you with a club.
* * * LOW HITPOINT WARNING * * *
You hit the gnoll but do no damage. Your grab misses the gnoll.
The gnoll is severely wounded.
You block the ooze's attack. The gnoll hits you with a club!
* * * LOW HITPOINT WARNING * * *
As you read the scroll of teleportation, it crumbles to dust.
You feel strangely unstable. The ooze closely misses you.
You hit the gnoll but do no damage. You grab the gnoll.
The gnoll is severely wounded.
You constrict the gnoll, but do no damage.
The gnoll hits you with a club.
* * * LOW HITPOINT WARNING * * *
The ooze hits you.
You die...

...## #.......# #.##.##.##.##.##
....# #####....# #.##..........#
.#..###...####.###.##.##.##.#####
....##.....###..............# #).
....#.......#########.####### #.#
.................# #...# #.#
....#.......####.# #...# ##.#
...###.....#####J# #...# #...
###...........##@# #...#######.#.
.....#...#.##>##g# #)............
...).#.###.##)##.###...####.#.#..
.....#.# #....................#..
.....#.# ####....................
.....#.#### ##...............##..
.....#....# ######.....###......
.....####.# #.#.........##..
###### #.# #.#...#.###.##.#


You could see a gnoll and an ooze.

Vanquished Creatures
  Grinder (D:3)
  Edmund (D:4)
  An ogre (D:4)
  A gnoll sergeant (D:4)
  A scorpion (D:4)
  4 hounds
  An orc wizard (D:3)
  3 gnoll shamans
  3 worker ants (D:4)
  A hound skeleton (D:4)
  Robin (D:3)
  26 gnolls
  A howler monkey skeleton (D:4)
  4 adders (D:2)
  An ooze (D:2)
  A worm (D:2)
  2 dart slugs
  3 leopard geckos
  9 orcs
  5 giant cockroaches
  25 goblins
  9 hobgoblins
  19 jackals
  4 kobolds
  A quokka (D:3)
  12 bats
  5 frilled lizards
  7 rats
152 creatures vanquished.

Notes
Turn   | Place    | Note
-------+----------+-------------------------------------------
     0 | D:1      | omnomnOMINOUS the Octopode Enchanter began the quest for the Orb.
     0 | D:1      | Reached XP level 1. HP: 11/11 MP: 3/3
   103 | D:1      | Reached XP level 2. HP: 17/17 MP: 5/5
   109 | D:1      | Learned a level 2 spell: Ensorcelled Hibernation
   428 | D:1      | Reached XP level 3. HP: 19/22 MP: 1/6
  1057 | D:2      | Reached XP level 4. HP: 26/27 MP: 7/7
  1109 | D:2      | Learned a level 3 spell: Confuse
  1761 | D:3      | Reached skill level 1 in Fighting
  1761 | D:3      | Reached XP level 5. HP: 33/33 MP: 6/9
  1975 | D:3      | Noticed Grinder
  1984 | D:3      | Killed Grinder
  1984 | D:3      | Reached XP level 6. HP: 25/38 MP: 6/10
  1989 | D:3      | Learned a level 3 spell: Dazzling Spray
  2154 | D:3      | Noticed Robin
  2173 | D:3      | Killed Robin
  2173 | D:3      | Reached skill level 5 in Stealth
  2879 | D:4      | Found Fidil's Food Shop.
  2887 | D:4      | Reached XP level 7. HP: 44/44 MP: 11/11
  2905 | D:4      | Learned a level 3 spell: Tukima's Dance
  2914 | D:4      | Noticed Hildebrand's ghost (amateur MiBe)
  3105 | D:4      | Found a staircase to the Ecumenical Temple.
  3109 | Temple   | Entered the Ecumenical Temple
  3401 | Temple   | Became a worshipper of Dithmenos the Shadowed
  3489 | D:4      | Found Rely's Antique Armour Emporium.
  3490 | D:4      | Noticed Edmund
  3566 | D:4      | Killed Edmund
  3619 | D:4      | Found Qizumiu's Book Emporium.
  3658 | D:4      | Found Seiguagyta's Jewellery Emporium.
  3662 | D:4      | Reached skill level 5 in Hexes
  3954 | D:4      | Reached XP level 8. HP: 51/51 MP: 13/13
  4003 | D:4      | Reached * piety under Dithmenos
  4134 | D:4      | Reached skill level 5 in Short Blades
  4899 | D:4      | Reached skill level 6 in Stealth
  5534 | D:3      | Reached ** piety under Dithmenos
  5557 | D:2      | HP: 2/52 [gnoll/club (3)]
  5557 | D:2      | Slain by an ooze

Skill      XL: |  1  2  3  4  5  6  7  8 |
---------------+-------------------------+-----
Short Blades   | 2 3 4 5 |  5.3
Fighting       | 1 2 3 |  3.0
Spellcasting   | 3 |  3.8
Hexes          | 4 5 |  5.8
Stealth        | 5 6 |  6.3
Dodging        | 3 |  3.7

Action                   |  1- 3 |  4- 6 |  7- 9 || total
-------------------------+-------+-------+-------++-------
Melee: Dagger            |    69 |   118 |   187 ||   374
       Tentacles         |     6 |    16 |    36 ||    58
       Constrict         |    13 |    28 |    43 ||    84
 Cast: Corona            |     3 |     1 |       ||     4
       Ensorcelled Hiber |     8 |    15 |    44 ||    67
       Confuse           |       |     3 |    10 ||    13
  Use: Scroll            |       |     4 |     2 ||     6
       Potion            |       |     1 |     1 ||     2
 Stab: Sleeping          |    15 |    19 |    23 ||    57
       Confused          |       |     1 |     4 ||     5
       Distracted        |       |     1 |     1 ||     2
  Eat: Chunk             |     1 |     7 |    11 ||    19
Armor: Skin              |    17 |    11 |     1 ||    29
Dodge: Dodged            |    60 |    75 |   116 ||   251
Block: Other             |       |       |     7 ||     7
       Reflection        |       |       |     1 ||     1
